 Dungeon Crawl Stone Soup version 0.31-a0-986-g5e6e4ef867 (webtiles) character file.

Game seed: 17266103359399076640

11526 dialectric the Imperceptible (level 11, -6/58 HPs)
             Began as a Spriggan Delver on Nov 6, 2023.
             Was a Priest of Nemelex Xobeh.
             Killed by divine providence
             ... invoked by an orc priest
              (10 damage)
             ... on level 2 of the Orcish Mines.
             The game lasted 00:29:23 (15230 turns).

dialectric the Imperceptible (Spriggan Delver)     Turns: 15230, Time: 00:29:23

Health: -6/58      AC:  5    Str:  7    XL:     11   Next: 50%
Magic:  19/19      EV: 26    Int: 17    God:    Nemelex Xobeh [***...]
Gold:   851        SH:  0    Dex: 25    Spells: 12/19 levels left

rFire   . . .        r - +2 dagger (venom)
rCold   . . .        (no shield)
rNeg    . . .        b - +0 robe
rPois   +            (helmet restricted)
rElec   .            D - +2 cloak {rPois}
rCorr   .            (gloves unavailable)
SInv    +            (boots unavailable)
Will    +....        L - amulet of the acrobat
Stlth   ++++++++     x - +5 ring of evasion
HPRegen 0.29/turn    y - +6 ring of dexterity
MPRegen 0.16/turn

%: acrobat
@: very quick
A: very small, no large weapons, unfitting armour, see invisible, speed 3,
clever 1
a: Renounce Religion, Draw Escape, Draw Destruction, Draw Summoning, Triple Draw


You were on level 2 of the Orcish Mines.
You worshipped Nemelex Xobeh.
Nemelex Xobeh was most pleased with you.
You visited 3 branches of the dungeon, and saw 15 of its levels.
You also visited: Ossuary.

You collected 851 gold pieces.

Inventory:

Hand Weapons
 h - a +1 demon trident of freezing
 r - a +2 dagger of venom (weapon)
 u - a +0 rapier
 F - a +9 long sword
Missiles
 l - 18 poisoned darts (quivered)
 J - 2 throwing nets
Armour
 b - a +0 robe (worn)
 k - a +1 cloak
 D - a +2 cloak of poison resistance (worn)
Jewellery
 p - a +6 ring of dexterity
 x - a +5 ring of evasion (left hand)
 y - a +6 ring of dexterity (right hand)
 C - an amulet of faith
 E - a ring of fire
 L - an amulet of the acrobat (around neck)
Talismans
 o - a beast talisman
Wands
 g - a wand of digging (3)
 m - a wand of iceblast (15)
 B - a wand of flame (2)
Scrolls
 c - 5 scrolls of fog
 d - 2 scrolls of revelation
 e - a scroll of fear
 j - a scroll of enchant armour
 s - 2 scrolls of teleportation
 v - 4 scrolls of amnesia
 A - 6 scrolls of identify
 K - a scroll of brand weapon
Potions
 a - a potion of magic
 f - a potion of haste
 i - a potion of might
 n - 3 potions of enlightenment
 q - 3 potions of lignification
 t - a potion of cancellation
 w - a potion of attraction
 z - 2 potions of resistance
 H - a potion of mutation
 I - 2 potions of heal wounds


   Skills:
 - Level 7.0 Fighting
 - Level 5.2(5.6) Short Blades
 + Level 2.2(3.3) Long Blades
 - Level 4.1 Throwing
 - Level 5.0 Dodging
 * Level 21.2 Stealth
 * Level 4.8 Spellcasting
 * Level 1.3 Fire Magic
 - Level 4.3 Evocations


You had 12 spell levels left.
You knew the following spells:

 Your Spells              Type           Power      Damage    Failure   Level
a - Scorch                Fire           16%        2d5       13%         2
b - Fireball              Conj/Fire      3%         3d4       97%         5

Your spell library contained the following spells:

 Spells                   Type           Power      Damage    Failure   Level
 Flame Wave               Conj/Fire      6%         2d5       73%         4
 Cause Fear               Hex            2%         N/A       82%         4
 Summon Cactus Giant      Summ           2%         N/A       100%        6
 Dragon's Call            Summ           2%         N/A       100%        9


Dungeon Overview and Level Annotations

Branches:
Dungeon (12/15)            Temple (1/1) D:7            Lair (0/5) D:9
    Orc (2/2) D:9         Ossuary (visited)
    Elf: Orc:2

Altars:
Ashenzari
Cheibriados
Dithmenos
Elyvilon
Fedhas
Gozag
Hepliaklqana
Kikubaaqudgha
Makhleb
Nemelex Xobeh
Okawaru
Qazlal
Ru
Sif Muna
Trog
Uskayaw
Vehumet
Wu Jian
Xom
Yredelemnul
Zin
The Shining One

Shops:
D:7 =   D:10 (

Annotations:
D:3 2 transporters, Bill214's ghost, amateur HuBe; Grinder; Sigmund
D:9 2 transporters


Innate Abilities, Weirdness & Mutations

You are very small and have problems with some larger weapons.
You are too small for most types of armour.
You have supernaturally acute eyesight. (SInv)
You cover ground extremely quickly. (Speed+++)
Your mind is acute. (Int +4, Str/Dex -1)


Message History

The orc warrior is moderately wounded.
You barely miss the orc warrior.
The orc warrior is heavily wounded.
The orc misses you. x3
The orc warrior hits you with a +0 mace.
You hit the orc warrior but do no damage.
The orc warrior is severely wounded.
An orc priest comes into view. It is wielding a +0 morningstar.
The orc misses you. The orc completely misses you. The orc misses you.
The orc warrior hits you with a +0 mace!
The orc priest shouts!
You hit the orc warrior.
You kill the orc warrior!
You hit the orc.
The orc is heavily wounded.
The orc priest invokes the aid of Beogh against you.
Beogh smites you! The orc hits you with a +0 flail.
* * * LOW HITPOINT WARNING * * *
The orc barely misses you. The orc completely misses you.
You are too injured to fight recklessly!
You are too injured to fight recklessly!
You are too injured to fight recklessly!
You are too injured to fight recklessly!
You are too injured to fight recklessly!
You are too injured to fight recklessly!
Unknown command.
The orc priest invokes the aid of Beogh against you.
Beogh smites you!
* * * LOW HITPOINT WARNING * * *
The orc throws a boomerang.
The boomerang completely misses you. The orc attacks as it pursues you!
The orc completely misses you. The orc attacks as it pursues you!
The orc completely misses you.
An orc warrior comes into view. It is wielding a +0 short sword.
An orc priest comes into view. It is wielding a +0 war axe.
The orc priest begins to cast a cantrip, but forgets the words!
There is a stone staircase leading up here.
The orc priest calls down the wrath of Beogh upon you.
Beogh smites you!
You die...
Your body disappears without a glow.

.. .#.###
#...#.####
##.....#.## .
##... #@..#.##
..#....###o.#...#
........#.o....##
.......#....#.o#
......)Oo....o....
.............#.o..
.........<..#.....
..#...............
..............#..


You could see an orc warrior, an ogre, 2 orc priests and 3 orcs.

Vanquished Creatures
  A two-headed ogre (D:11)
  Pikel (D:5)
  An orc knight (D:9)
  An unseen horror (D:10)
  2 komodo dragons (D:9)
  2 trolls (D:9)
  Prince Ribbit (D:8)
  A vampire (D:10)
  2 wyverns
  A wraith (D:10)
  15 yaks
  4 vampire mosquitoes
  A water moccasin (D:5)
  11 orc warriors
  3 ice beasts
  A black bear (D:5)
  A sky beast (D:7)
  2 ogres (Orc:1)
  2 centaurs
  2 phantoms
  A kobold brigand (D:10)
  Blork the orc (D:4)
  An elf zombie (Ossuary)
  A gnoll sergeant (D:9)
  4 scorpions
  11 wights
  11 killer bees
  5 howler monkeys
  3 human zombies (Ossuary)
  3 hounds
  A gnoll bouda (D:7)
  7 orc priests
  3 jellies
  A sleepcap (D:8)
  3 iguanas
  Ijyb (D:5)
  17 orc wizards
  2 mummies (Ossuary)
  11 adders
  12 gnolls
  A shadow imp (D:5)
  5 white imps
  2 ufetubi (D:7)
  An adder zombie (Ossuary)
  3 worms
  2 dart slugs
  64 orcs
  3 endoplasms
  3 giant cockroaches
  13 hobgoblins
  4 jackals (D:1)
  11 kobolds
  5 quokkas
  10 ball pythons
  6 bats
  A frilled lizard (D:1)
  12 goblins
  9 hobgoblin zombies (Ossuary)
  2 jackal zombies (Ossuary)
  10 kobold zombies (Ossuary)
  11 orc zombies (Ossuary)
  6 rats
338 creatures vanquished.

Vanquished Creatures (others)
  A howler monkey (D:9)
1 creature vanquished.

Grand Total: 339 creatures vanquished

Notes
Turn   | Place    | Note
-------+----------+-------------------------------------------
     0 | D:5      | dialectric the Spriggan Delver began the quest for the Orb.
     0 | D:5      | Reached XP level 1. HP: 11/11 MP: 2/2
    21 | D:4      | Noticed a scorpion
    24 | D:4      | Killed a scorpion
    25 | D:4      | Reached skill level 8 in Stealth
    25 | D:4      | Reached XP level 2. HP: 16/16 MP: 3/3
    25 | D:4      | Reached XP level 3. HP: 19/19 MP: 4/4
    32 | D:4      | Noticed Blork the orc
    45 | D:3      | Reached skill level 9 in Stealth
   101 | D:3      | Reached XP level 4. HP: 23/23 MP: 5/5
   244 | D:3      | Found a transporter.
   246 | D:3      | Found a transporter.
   248 | D:3      | Noticed Bill214's ghost (amateur HuBe)
   249 | D:3      | Identified the +6 great mace of the Final Decision {flame,
                  | rF+ rN++ Str-2 Dex-2}
   249 | D:3      | Noticed an ogre
   249 | D:3      | Noticed an ogre
   286 | D:3      | Noticed Sigmund
  1506 | D:2      | Reached XP level 5. HP: 28/28 MP: 6/6
  2209 | D:4      | Noticed Grinder
  2489 | D:4      | Killed Blork the orc
  2490 | D:4      | Reached XP level 6. HP: 11/32 MP: 7/7
  2709 | D:4      | Found a broken altar of Ashenzari.
  2953 | D:4      | Found a glowing silver altar of Zin.
  2953 | D:4      | Noticed an angel
  3044 | D:6      | Noticed an ice beast
  3192 | D:5      | Noticed Ijyb
  3417 | D:6      | Reached skill level 5 in Short Blades
  3417 | D:6      | Reached skill level 5 in Dodging
  3417 | D:6      | Reached skill level 10 in Stealth
  3437 | D:6      | Reached XP level 7. HP: 36/36 MP: 8/8
  3621 | D:5      | Killed Ijyb
  4055 | D:5      | Reached skill level 11 in Stealth
  4103 | D:5      | Reached skill level 1 in Throwing
  4241 | D:5      | Reached XP level 8. HP: 26/42 MP: 9/9
  4461 | D:5      | Noticed Pikel
  4499 | D:5      | Killed Pikel
  4500 | D:5      | Reached skill level 5 in Fighting
  4500 | D:5      | Reached skill level 12 in Stealth
  4500 | D:5      | Reached skill level 1 in Evocations
  4699 | D:5      | Found an opulent altar of Gozag.
  4699 | D:5      | Found a basalt altar of Yredelemnul.
  4709 | D:5      | Learned a level 2 spell: Scorch
  4738 | D:6      | Found a sparkling altar of Nemelex Xobeh.
  5670 | D:7      | Reached XP level 9. HP: 42/49 MP: 10/10
  5978 | D:7      | Found a staircase to the Ecumenical Temple.
  6000 | Temple   | Entered the Ecumenical Temple
  6026 | D:7      | Found a sand-covered staircase.
  6030 | Ossuary  | Entered an ossuary
  6467 | D:7      | Reached skill level 13 in Stealth
  6587 | D:7      | Found Peodoezu's Jewellery Shop.
  6955 | D:8      | Found a shadowy altar of Dithmenos.
  6963 | D:8      | Noticed Prince Ribbit
  6993 | D:8      | Killed Prince Ribbit
  6994 | D:8      | Reached skill level 14 in Stealth
  7493 | D:6      | Reached skill level 15 in Stealth
  7541 | D:6      | Became a worshipper of Nemelex Xobeh the Trickster
  7687 | D:7      | Found a stormy altar of Qazlal.
  8200 | D:7      | Reached skill level 16 in Stealth
  8414 | D:8      | Identified the +8 hand axe "dialectric's Regret" {venom,
                  | Stlth+}
  8835 | D:9      | Found a transporter.
  8883 | D:9      | Reached XP level 10. HP: 29/55 MP: 11/11
  9203 | D:9      | Reached skill level 17 in Stealth
  9313 | D:9      | Reached * piety under Nemelex Xobeh
  9411 | D:9      | Found a transporter.
  9738 | D:9      | Reached skill level 18 in Stealth
  9738 | D:9      | Reached skill level 1 in Spellcasting
  9976 | D:9      | Noticed an ogre mage
  9976 | D:9      | Noticed a two-headed ogre
 10176 | D:10     | Identified the "Qumo"
 10176 | D:10     | Entered Level 10 of the Dungeon
 10490 | D:9      | Received a gift from Nemelex Xobeh
 10498 | D:9      | Found a staircase to the Lair.
 10852 | D:9      | Found a staircase to the Orcish Mines.
 11021 | D:10     | Found an iron altar of Okawaru.
 11051 | D:10     | Found an ornate altar of the Wu Jian Council.
 11407 | D:11     | Reached skill level 19 in Stealth
 11483 | D:11     | Reached ** piety under Nemelex Xobeh
 11498 | D:11     | Noticed a two-headed ogre
 11539 | D:11     | Killed a two-headed ogre
 12187 | D:10     | Reached XP level 11. HP: 40/58 MP: 16/16
 12310 | D:10     | Received a gift from Nemelex Xobeh
 12318 | D:10     | Found Ashruose's Weapon Shoppe.
 12335 | D:10     | Reached skill level 20 in Stealth
 12403 | D:9      | Reached skill level 1 in Long Blades
 12772 | D:10     | Found a shimmering blue altar of Sif Muna.
 12812 | D:10     | Gained mutation: Your mind is acute. (Int +4, Str/Dex -1)
                  | [potion of mutation]
 12843 | D:9      | Learned a level 5 spell: Fireball
 13394 | D:10     | Received a gift from Nemelex Xobeh
 14535 | D:12     | Received a gift from Nemelex Xobeh
 14756 | Orc:1    | Entered Level 1 of the Orcish Mines
 14803 | Orc:1    | Reached skill level 21 in Stealth
 14818 | Orc:1    | Reached skill level 1 in Fire Magic
 14861 | Orc:1    | Reached *** piety under Nemelex Xobeh
 14947 | Orc:1    | Noticed an orc knight
 14990 | D:9      | Killed an orc knight
 15211 | Orc:2    | Entered Level 2 of the Orcish Mines
 15230 | Orc:2    | Killed from afar by an orc priest

Illustrated notes

Levels and vault maps discovered:
D:1:      minmay_arrival_hallway, layout_loops_ring, minmay_circled_x
D:2:      layout_rooms, nicolae_half_adder
D:3:      layout_loops_ring, gammafunk_ghost_smash, minmay_misc_feat_pillars,
          uniq_sigmund
D:4:      layout_cave_pools, zin_angel, nicolae_ashenzari_skybound, serial_park,
          serial_park_square3 [serial_park_minivault_5x5_8],
          serial_park_tiny_pond, serial_park_square2, serial_park_tiny_2,
          serial_park_tiny_2, nicolae_concentric_dashed_squares_mild,
          uniq_blork_the_orc, uniq_grinder
D:5:      layout_cave_pools, gammafunk_temple_overflow_statue, uniq_ijyb,
          uniq_pikel
D:6:      layout_loops_ring, mainiacjoe_overflow_six_doors_small
D:7:      wad_river_or_something, layout_rooms,
          mainiacjoe_overflow_small_starburst, minmay_temple_entry_arrows,
          enter_ossuary_5, serial_shops, nicolae_square_shop,
          grunt_ministairs_11
D:8:      layout_gridville, mainiacjoe_overflow_alcove_4, uniq_prince_ribbit1
D:9:      gammafunk_beogh_shrine, layout_irregular_city, david_lair_shrubbed,
          hiddenorc2_lemuel
D:10:     layout_long_grid, nicolae_wu_jian_wuxing_cycle, old_standard_altar,
          okawaru_gym_becter, serial_shops, nicolae_shop_statue_plus, hex_large,
          nzn_life_drinkers
D:11:     layout_loops_cross
D:12:     layout_cave_pools, nicolae_gozag_zags_fifth_avenue
Temple:   nicolae_temple_no_exploring_needed
Orc:1:    layout_caves
Orc:2:    st_orc_ogre_mass, layout_caves, uniq_rupert

Skill      XL: |  1  2  3  4  5  6  7  8  9 10 11 |
---------------+----------------------------------+-----
Stealth        | 8 9 10 11 12 16 19 21 | 21.2
Dodging        | 3 4 5 |  5.0
Short Blades   | 4 5 |  5.2
Fighting       | 3 4 6 7 |  7.0
Throwing       | 1 2 3 4 |  4.1
Evocations     | 1 2 3 4 |  4.3
Spellcasting   | 3 4 |  4.8
Long Blades    | 2 |  2.2
Fire Magic     | 1 |  1.3

Action                     |  1- 3 |  4- 6 |  7- 9 | 10-12 || total
---------------------------+-------+-------+-------+-------++-------
  Melee: Short sword       |     6 |   153 |       |       ||   159
         Rapier            |       |   175 |   659 |       ||   834
         Punch             |       |     5 |     8 |     7 ||    20
         Dagger            |       |       |     5 |   583 ||   588
         Long sword        |       |       |       |    29 ||    29
  Throw: Dart              |       |       |    20 |   123 ||   143
   Cast: Scorch            |       |       |       |     1 ||     1
 Invoke: Draw Destruction  |       |       |       |     3 ||     3
  Evoke: Wand              |       |       |     4 |    25 ||    29
    Use: Scroll            |       |     6 |    11 |     6 ||    23
         Potion            |       |     2 |     5 |     3 ||    10
   Stab: Sleeping          |     4 |    35 |     8 |     7 ||    54
         Distracted        |       |       |     4 |     4 ||     8
         Paralysed         |       |       |       |     1 ||     1
 Armour: Robe              |       |   109 |   175 |   181 ||   465
         Skin              |       |       |    24 |       ||    24
  Dodge: Dodged            |     2 |   332 |   711 |   676 ||  1721

Table legend: (Time is in decaauts)
 A = Elapsed time spent in this place.
 B = Non-inter-level travel time spent in this place.
 C = Inter-level travel time spent in this place.
 D = Time resting spent in this place.
 E = Time spent auto-exploring this place.
 F = Levels seen in this place.
 G = Mean time per level.
                   A        B        C        D        E       F      G
               +--------+--------+--------+--------+--------+-----+--------+
         Total |  11836 |  11520 |    316 |   1241 |   6674 |  16 |  739.8 |
       Dungeon |  11229 |  10914 |    315 |   1228 |   6375 |  12 |  935.8 |
        Temple |      1 |      1 |      0 |      0 |      0 |   1 |    1.0 |
  Orcish Mines |    248 |    248 |      0 |      0 |    133 |   2 |  124.0 |
       Ossuary |    357 |    357 |      0 |     13 |    165 |   1 |  357.0 |
               +--------+--------+--------+--------+--------+-----+--------+

Top non-repeatable levels by time:
     D:9: 2112 daAuts
    D:10: 1816 daAuts
     D:6: 1131 daAuts
     D:7: 1130 daAuts
     D:4: 1025 daAuts
     D:8: 868 daAuts
     D:5: 752 daAuts
    D:11: 739 daAuts
     D:2: 624 daAuts
     D:3: 518 daAuts
     D:1: 464 daAuts
 Ossuary: 357 daAuts
   Orc:1: 235 daAuts
    D:12: 45 daAuts
   Orc:2: 12 daAuts
